 Dungeon Crawl Stone Soup version 0.27.1-1-g398f81649c (webtiles) character file.

Game seed: 11699582183632722510

119 Crownlay the Skirmisher (level 4, -1/44 HPs)
             Began as a Minotaur Monk on Sept 21, 2021.
             Slain by a goblin (2 damage)
             ... led by Robin
             ... on level 3 of the Dungeon.
             The game lasted 00:03:38 (2279 turns).

Crownlay the Skirmisher (Minotaur Monk)             Turns: 2279, Time: 00:03:39

Health: -1/44      AC:  2    Str: 15    XL:     4   Next: 74%
Magic:  3/3        EV: 12    Int:  7    God:
Gold:   107        SH:  4    Dex: 14    Spells: 3/3 levels left

rFire    + . .     SeeInvis .   a - +0 falchion
rCold    + . .     Faith    .   g - +0 buckler
rNeg     . . .     Spirit   .   b - +0 robe
rPois    +         Reflect  .   (helmet restricted)
rElec    +         Harm     .   (no cloak)
rCorr    +         Rampage  .   (no gloves)
Will     .....                  (no boots)
Stlth    ++........             (no amulet)
HPRegen  0.14/turn              (no ring)
MPRegen  0.08/turn              (no ring)

@: resistant, slowed, very slow
A: horns 2, retaliatory headbutt
a: no special abilities


You were on level 3 of the Dungeon.
You visited 1 branch of the dungeon, and saw 3 of its levels.

You collected 107 gold pieces.

Inventory:

Hand Weapons
 a - a +0 falchion (weapon)
Armour
 b - a +0 robe (worn)
 g - a +0 buckler (worn)
Scrolls
 e - a scroll of identify
 h - a scroll of amnesia {unknown}
 j - 2 scrolls of teleportation
 k - a scroll of enchant armour {unknown}
Potions
 c - a potion of might {unknown}
 d - a potion of flight {unknown}
 f - a potion of resistance
 i - a potion of lignification {unknown}


   Skills:
 + Level 6.0 Fighting
 - Level 3.6 Long Blades
 - Level 3.2 Dodging
 - Level 1.5 Stealth
 * Level 2.5 Shields


You had 3 spell levels left.
You didn't know any spells.
Your spell library contained the following spells:

 Spells                   Type           Power      Damage    Failure   Level
 Corpse Rot               Necr/Air       N/A        N/A       63%         2
 Ensorcelled Hibernation  Hex/Ice        0%         N/A       63%         2
 Spider Form              Tmut/Pois      0%         N/A       86%         3
 Dispel Undead            Necr           0%         3d6       99%         4
 Death Channel            Necr           0%         N/A       100%        6
 Shadow Creatures         Summ           N/A        N/A       100%        6


Dungeon Overview and Level Annotations

Branches:
Dungeon (3/15)

Altars:

Annotations:
D:3 Natasha, Robin


Innate Abilities, Weirdness & Mutations

You have a pair of horns on your head.
You reflexively headbutt those who attack you in melee.


Message History

You hit the hobgoblin.
You kill the hobgoblin!
You are too injured to fight recklessly!
You are too injured to fight recklessly!
You are too injured to fight recklessly!
You are too injured to fight recklessly!
You are too injured to fight recklessly!
You are too injured to fight recklessly!
You are too injured to fight recklessly!
You are too injured to fight recklessly!
As you read the scroll labelled OWITHR TEESEXOA, it crumbles to dust.
It is a scroll of identify.
j - 2 scrolls of teleportation The goblin misses you.
The crimson imp blinks!
The goblin hits you with a +0 club.
* * * LOW HITPOINT WARNING * * *
You block Natasha's attack. The goblin hits you with a +0 dagger.
* * * LOW HITPOINT WARNING * * *
The hobgoblin hits you but does no damage.
The goblin completely misses you. You furiously retaliate!
You headbutt the goblin!
You kill the goblin!
The crimson imp blinks!
The white imp closely misses you. The goblin closely misses you.
Natasha barely misses you. The goblin hits you with a +0 club.
* * * LOW HITPOINT WARNING * * *
Okay, then.
It was a potion of resistance.
You feel protected. The goblin closely misses you.
You block the hobgoblin's attack. Robin completely misses you.
You riposte.
You barely miss Robin. The white imp gestures at you.
The puff of frost hits you. You resist.
* * * LOW HITPOINT WARNING * * *
Natasha stares at you and mumbles some strange words.
You feel as though you will be slow longer.
The goblin hits you with a +0 club.
* * * LOW HITPOINT WARNING * * *
The goblin hits you with a +0 club.
You die...

......... #.......
#....... ...... #....# .
#.5g.# ..###.5hg#
###+#####...##.)@g##
#.......#......ggg.#
#...........##.....#
#......[...^##..(..#
#...<.......##..?..#
##....†...##.##..# .
#..........#.##..######..
#...)......#.............
#...†......#.............


You could see Robin, Natasha, a crimson imp (summoned), a white imp (summoned),
2 hobgoblins and 3 goblins.

Vanquished Creatures
  Jessica (D:2)
  An adder (D:2)
  2 dart slugs
  5 endoplasms
  4 giant cockroaches
  12 goblins
  6 hobgoblins
  8 jackals (D:1)
  3 kobolds
  6 quokkas
  3 ball pythons
  7 bats
  4 frilled lizards
  6 rats
68 creatures vanquished.

Notes
Turn   | Place    | Note
-------+----------+-------------------------------------------
     0 | D:1      | Crownlay the Minotaur Monk began the quest for the Orb.
     0 | D:1      | Reached XP level 1. HP: 19/19 MP: 0/0
   117 | D:1      | Reached skill level 4 in Fighting
   282 | D:1      | Reached XP level 2. HP: 22/28 MP: 1/1
   606 | D:1      | Found a faded altar of an unknown god.
   635 | D:1      | Reached skill level 5 in Fighting
   710 | D:1      | Reached XP level 3. HP: 22/36 MP: 2/2
  1753 | D:2      | Reached skill level 1 in Shields
  1753 | D:2      | Reached XP level 4. HP: 39/44 MP: 3/3
  2073 | D:2      | Noticed Jessica
  2076 | D:2      | Killed Jessica
  2251 | D:3      | Reached skill level 6 in Fighting
  2272 | D:3      | Noticed Natasha
  2274 | D:3      | Noticed Robin
  2279 | D:3      | HP: 1/44 [goblin[Robin] (2)]
  2279 | D:3      | Slain by a goblin

Illustrated notes

Levels and vault maps discovered:
D:1:      matt_arrival_los_fun, layout_loops_ring,
          shapermc_ecumenical_altar_mp_highgroup, kennysheep_another_room,
          minivault_24, minmay_misc_feat_pillars
D:2:      layout_rooms, kennysheep_cluttered_room, kennysheep_generic_room_10,
          uniq_jessica
D:3:      layout_basic, nicolae_gozag_cash_rules_everything_around_me,
          minmay_tree_intersection, chequers_serial_rivers_large_b,
          grunt_ministairs_2, solitary_fountain, uniq_sigmund, uniq_natasha,
          uniq_robin

Skill      XL: |  1  2  3  4 |
---------------+-------------+-----
Fighting       | 4 5 6 |  6.0
Shields        | 1 2 |  2.5
Long Blades    | |  3.6
Dodging        | |  3.2
Stealth        | |  1.5

Action                   |  1- 3 |  4- 6 || total
-------------------------+-------+-------++-------
Melee: Falchion          |    80 |    26 ||   106
       Headbutt          |    13 |     3 ||    16
  Use: Scroll            |       |     1 ||     1
       Potion            |       |     1 ||     1
 Stab: Sleeping          |     6 |       ||     6
       Distracted        |     2 |       ||     2
Armor: Robe              |    15 |     7 ||    22
Dodge: Dodged            |    54 |    35 ||    89
Block: Buckler           |       |    10 ||    10
       Rpst.: Falchion   |    17 |     4 ||    21
